Map: Tours du crépuscule

Players

pupu - Winner!

  • Race: Protoss Protoss
  • League: Silver

Segment

  • Race: Terran Terran

VOD

Have the link to the VOD?

Description

Time

  • Played on: April 5, 2016, 1:38 p.m.
  • Length: 25:29
Show
View Real Time Build Order
Export as new Build Order

pupu Protoss - Winner!

Build Orders: 1 Gate Expand, Double Forge 

Get SALT Encoding   

  12  0:01  Probe (Chrono Boost)  
  13  0:11  Probe (Chrono Boost)  
  14  0:18  Pylon  
  14  0:22  Probe (Chrono Boost)  
  15  0:36  Probe (Chrono Boost)  
  15  0:38  Gateway  
  16  0:46  Probe (Chrono Boost)  
  17  0:54  Assimilator  
  18  0:57  Probe (Chrono Boost)  
  18  1:07  Probe (Chrono Boost)  
  19  1:24  Nexus  
  19  1:34  Cybernetics Core  
  19  1:36  Probe (Chrono Boost)  
  20  1:47  Probe (Chrono Boost)  
  21  1:53  Assimilator  
  21  1:56  Pylon  
  21  1:57  Probe (Chrono Boost)  
  22  2:08  Probe (Chrono Boost)  
  23  2:14  Warp Gate (Chrono Boost)  
  23  2:18  Probe (Chrono Boost)  
  23  2:21  Stalker  
  26  2:29  Probe  
  27  2:39  Gateway  
  27  2:41  Probe  
  27  2:42  Robotics Facility  
  28  2:47  Probe  
  28  2:48  Gateway  
  29  2:53  Probe  
  30  3:02  Probe, Twilight Council  
  31  3:10  Probe, Pylon  
  32  3:18  Probe  
  33  3:22  Probe  
  33  3:25  Assimilator  
  34  3:28  Probe  
  35  3:35  Probe, Warp Prism  
  35  3:39  Probe  
  39  3:47  Probe, Charge (Chrono Boost)  
  40  3:55  Gateway  
  40  3:57  Probe, Pylon  
  41  4:03  Probe  
  41  4:07  Probe  
  43  4:12  Observer  
  43  4:15  Probe  
  45  4:18  Probe  
  46  4:25  Forge  
  46  4:26  Forge  
  46  4:29  Zealot x2  
  46  4:30  Zealot  
  52  4:36  Probe  
  52  4:37  Probe  
  54  4:45  Immortal, Mothership Core  
  58  4:51  Zealot  
  62  4:57  Pylon  
  62  5:00  Pylon  
  62  5:02  Pylon  
  62  5:07  Protoss Ground Weapons Level 1 (Chrono Boost)  
  62  5:08  Protoss Ground Armor Level 1 (Chrono Boost)  
  62  5:11  Pylon  
  62  5:13  Probe  
  62  5:15  Probe  
  64  5:31  Probe  
  64  5:33  Probe  
  66  5:37  Zealot x3  
  66  5:38  Zealot  
  74  5:43  Probe  
  74  5:45  Probe  
  76  5:55  Probe  
  77  6:00  Zealot x2  
  77  6:01  Zealot x2  
  85  6:07  Probe  
  85  6:08  Probe  
  87  6:24  Zealot  
  87  6:25  Zealot x2  
  93  6:27  Pylon  
  73  7:04  Zealot x2  
  73  7:05  Zealot x2  
  81  7:13  Gateway  
  81  7:15  Gateway  
  81  7:29  Gateway x2  
  81  7:32  Gateway  
  81  7:34  Gateway  
  81  7:41  Zealot x4  
  89  7:48  Nexus  
  89  7:52  Pylon  
  89  7:54  Pylon  
  89  7:56  Pylon  
  89  8:09  Zealot  
  89  8:10  Zealot x2  
  89  8:11  Zealot  
  91  8:42  Stalker x2  
  91  8:43  Stalker x2  
  79  8:54  Photon Cannon  
  73  9:09  Zealot x5  
  80  9:10  Zealot x4  
  81  9:17  Zealot  
  71  9:36  Zealot  
  71  9:37  Zealot x7  
  71  9:38  Zealot  
  87  9:46  Probe x2  
  87  9:58  Probe x2  
  87  9:59  Immortal  
  91  10:04  Protoss Shields Level 1 (Chrono Boost)  
  91  10:05  Protoss Ground Weapons Level 2 (Chrono Boost)  
  79  10:30  Stalker x7  
  79  10:31  Stalker x3  
  99  10:41  Pylon  
  87  10:44  Stargate  
  87  10:45  Probe x2  
  87  10:47  Probe  
  78  10:54  Immortal  
  78  10:57  Probe x2  
  78  11:07  Zealot x2  
  78  11:08  Zealot  
  78  11:10  Sentry  
  86  11:17  Probe  
  86  11:19  Probe x2  
  87  11:26  Assimilator  
Show
View Real Time Build Order
Export as new Build Order

Segment Terran 

Build Orders:  

Get SALT Encoding   

  12  0:01  SCV  
  13  0:13  SCV  
  14  0:21  Supply Depot  
  14  0:25  SCV  
  15  0:45  Barracks  
  15  0:46  SCV  
  16  0:50  Refinery  
  16  0:58  SCV  
  17  1:11  SCV  
  18  1:29  Command Center  
  18  1:43  Orbital Command  
  18  2:03  Barracks  
  18  2:07  Barracks Tech Lab  
  18  2:11  SCV  
  18  2:15  Supply Depot  
  19  2:23  SCV  
  19  2:24  Engineering Bay  
  20  2:35  SCV  
  21  2:37  Supply Depot  
  21  2:42  SCV  
  22  2:47  SCV  
  22  2:51  Stimpack  
  23  2:54  SCV  
  23  2:56  Barracks Reactor  
  24  2:59  SCV  
  25  3:07  Refinery  
  25  3:11  SCV  
  25  3:12  Orbital Command  
  26  3:19  Missile Turret  
  26  3:23  SCV  
  26  3:24  Missile Turret  
  26  3:25  Marine  
  28  3:35  Factory  
  28  3:36  SCV  
  28  3:39  Marine x2  
  31  3:43  Marine  
  31  3:48  SCV  
  33  3:59  Terran Infantry Weapons Level 1  
  33  4:00  Marine x2  
  33  4:02  Marine  
  36  4:17  SCV x2  
  38  4:24  Starport  
  38  4:27  Factory Tech Lab  
  38  4:29  SCV  
  39  4:40  Barracks  
  39  4:46  Barracks  
  39  4:51  Marine x3  
  42  4:54  Widow Mine  
  44  5:03  Starport Reactor  
  44  5:08  Marine  
  44  5:09  Marine x2  
  44  5:12  Supply Depot  
  47  5:23  Widow Mine  
  47  5:25  Command Center  
  47  5:26  Marine x2  
  47  5:27  SCV x2  
  53  5:35  Supply Depot  
  53  5:39  SCV  
  54  5:46  Engineering Bay  
  54  5:49  Armory  
  54  5:50  Barracks Reactor  
  54  5:51  Barracks Reactor  
  54  5:54  Terran Infantry Armor Level 1  
  54  5:58  Supply Depot  
  54  6:06  Marine x3  
  54  6:08  Medivac  
  59  6:15  Refinery  
  59  6:17  Refinery  
  59  6:19  SCV x2  
  59  6:21  Supply Depot  
  59  6:24  Marine x3  
  62  6:31  SCV  
  54  6:42  Marine x3  
  57  6:49  Marine x4  
  57  6:53  Medivac  
  59  6:59  Marine  
  59  7:00  Marine x2  
  61  7:06  Marine  
  61  7:07  Marine x3  
  65  7:09  SCV x2  
  67  7:17  Marine x2  
  67  7:18  Marauder, Missile Turret  
  67  7:21  SCV x2  
  73  7:33  SCV  
  74  7:40  Marine x3  
  74  7:42  Marauder, Marine x3  
  82  7:55  Supply Depot  
  82  7:58  Marine x3  
  83  8:00  Missile Turret  
  83  8:03  Marauder  
  87  8:17  Supply Depot  
  70  8:59  Marine x3  
  70  9:00  Marine x4  
  70  9:17  Marine x4  
  70  9:18  Marine x3  
  74  9:35  Marine x5  
  74  9:36  Marine x2  
  71  9:53  Marine x6  
  71  9:54  Marine  
  72  10:10  Marine  
  72  10:11  Marine x3  
  53  10:31  Marine  
  53  10:32  Marine  
  52  10:49  Marine  
Tags
 
Add a new tag
Caveats
  • Supply blocks, unpowered buildings, or Contaminate may cause inaccurate times.
  • Supply counts are checked every 10 seconds.